Map: Eternal Empire LE

Players

AGOElazer (Elazer)

  • Race: Zerg Zerg
  • League: Master
  • Spawn Location: 1:00

Special - Winner!

  • Race: Terran Terran
  • League: Master
  • Spawn Location: 7:00

VOD

Have the link to the VOD?

Description

Time

  • Played on: Jan. 14, 2020, 1:33 p.m.
  • Length: 9:17
Show
View Real Time Build Order
Export as new Build Order

AGOElazer Zerg 

Build Orders: Hatch First 

Get SALT Encoding   

  12  0:00  Drone  
  13  0:12  Overlord  
  13  0:17  Drone  
  14  0:31  Drone x2  
  16  0:48  Hatchery  
  15  0:51  Drone  
  15  0:55  Drone  
  17  0:58  Drone  
  18  1:09  Extractor  
  17  1:14  Spawning Pool  
  17  1:17  Drone  
  17  1:20  Drone  
  18  1:28  Drone  
  19  1:39  Drone  
  20  1:50  Drone  
  21  2:00  Queen  
  21  2:01  Queen  
  23  2:02  Zergling x4  
  27  2:14  Hatchery  
  26  2:18  Overlord  
  26  2:22  Drone  
  27  2:24  Drone  
  28  2:31  Metabolic Boost  
  28  2:36  Overlord  
  28  2:38  Drone  
  28  2:41  Drone  
  30  2:44  Drone  
  30  2:50  Queen  
  33  2:53  Drone  
  33  2:55  Drone  
  33  2:57  Drone  
  36  3:05  Drone x2  
  38  3:08  Drone x2  
  38  3:11  Drone  
  41  3:17  Drone  
  41  3:18  Overlord  
  42  3:26  Queen  
  44  3:27  Queen  
  44  3:29  Overlord  
  46  3:34  Zergling x2  
  46  3:35  Zergling x2  
  46  3:37  Drone  
  46  3:41  Zergling x6  
  52  3:46  Drone x2  
  52  3:47  Drone  
  52  3:48  Drone  
  56  3:51  Lair  
  56  3:58  Overlord  
  56  3:59  Drone x2  
  56  4:00  Drone  
  59  4:05  Queen  
  59  4:07  Drone  
  59  4:08  Drone  
  63  4:14  Drone  
  63  4:15  Drone  
  63  4:16  Roach Warren  
  64  4:18  Drone  
  64  4:19  Drone  
  66  4:24  Spore Crawler  
  66  4:25  Drone x3  
  63  4:33  Drone x3  
  63  4:34  Drone x2  
  63  4:37  Drone  
  63  4:38  Drone  
  70  4:39  Drone  
  70  4:40  Drone  
  70  4:42  Drone  
  73  4:46  Overlord  
  73  4:49  Spore Crawler, Extractor  
  73  4:50  Queen  
  73  4:51  Zergling x2  
  72  5:00  Zergling x2  
  72  5:03  Overlord  
  72  5:05  Drone x5  
  72  5:08  Drone x3  
  72  5:13  Drone x2  
  72  5:17  Drone x2  
  72  5:20  Drone x3  
  75  5:22  Drone  
  75  5:27  Drone x3  
  74  5:32  Drone x3  
  77  5:38  Drone  
  77  5:40  Extractor  
  77  5:45  Drone x4  
  77  5:46  Drone  
  77  5:48  Overseer  
  82  5:50  Extractor  
  82  5:52  Drone x2  
  82  5:56  Drone  
  83  5:59  Extractor  
  83  6:02  Drone x3  
  83  6:04  Evolution Chamber  
  83  6:07  Drone, Overlord  
  83  6:11  Evolution Chamber  
  83  6:13  Overlord  
  83  6:16  Overlord, Baneling Nest  
  83  6:18  Zergling x2  
  82  6:20  Overlord  
  82  6:21  Zergling x2, Hatchery, Overlord  
  82  6:27  Zergling x10  
  82  6:31  Zerg Ground Armor Level 1  
  87  6:34  Roach x2  
  87  6:37  Roach  
  87  6:39  Zerg Melee Weapons Level 1  
  93  6:41  Zergling x2, Roach x2  
  93  6:44  Overlord  
  93  6:46  Extractor  
  97  6:49  Zergling x10  
  97  6:51  Infestation Pit  
  101  7:01  Drone x3, Overlord  
  104  7:03  Zergling x2  
  104  7:04  Zergling x2  
  104  7:06  Overlord  
  104  7:08  Overlord  
  106  7:12  Zergling x6  
  109  7:23  Overlord  
  109  7:24  Baneling x7, Centrifical Hooks  
  109  7:27  Overlord  
  109  7:28  Hive  
  109  7:29  Zergling x10  
  114  7:34  Hydralisk Den, Drone x2  
  113  7:38  Drone x2  
  113  7:42  Drone  
  111  7:44  Drone  
  111  7:46  Ravager x3  
  111  7:47  Ravager x2, Drone x4  
  111  7:48  Drone  
  122  7:51  Drone x4  
  122  7:52  Drone x2  
  122  7:54  Overlord  
  128  8:02  Baneling x12  
  128  8:03  Baneling  
  128  8:04  Baneling  
  128  8:06  Zergling x6  
  128  8:08  Hatchery  
  128  8:10  Zergling x4  
  128  8:11  Zergling x2  
  133  8:15  Zergling x8  
  137  8:20  Zergling x12  
  137  8:23  Overlord  
  138  8:33  Zergling x18  
  137  8:40  Zergling x8  
  135  8:44  Zergling x6  
  138  8:49  Unknown  
  121  8:55  Zergling x2  
  121  8:56  Zergling x4  
  121  8:57  Zergling x6  
Show
View Real Time Build Order
Export as new Build Order

Special Terran - Winner!

Build Orders:  

Get SALT Encoding   

  12  0:01  SCV  
  13  0:13  SCV  
  14  0:17  Supply Depot  
  14  0:25  SCV  
  15  0:28  Refinery  
  15  0:39  SCV  
  16  0:45  Barracks  
  16  0:51  SCV  
  17  1:03  SCV  
  18  1:15  SCV  
  20  1:32  Orbital Command, Reaper  
  20  1:43  Command Center  
  20  1:53  Factory  
  20  1:59  SCV  
  21  2:06  Barracks Reactor  
  21  2:11  SCV  
  22  2:15  Supply Depot  
  22  2:18  Refinery  
  22  2:23  SCV  
  23  2:37  SCV  
  24  2:44  Starport  
  24  2:49  SCV  
  24  2:50  Hellion x2  
  29  2:53  Marine  
  29  2:55  Orbital Command  
  30  3:01  SCV  
  31  3:11  Widow Mine x2  
  35  3:13  SCV  
  35  3:16  Marine  
  37  3:21  Medivac  
  37  3:22  SCV  
  37  3:25  SCV  
  41  3:29  Supply Depot  
  41  3:35  Barracks Tech Lab  
  41  3:36  Hellion  
  41  3:39  Hellion  
  41  3:41  SCV  
  46  3:51  SCV  
  46  3:53  SCV  
  46  3:54  Supply Depot  
  48  4:02  Hellion x2  
  52  4:03  Raven  
  52  4:08  Barracks Tech Lab  
  54  4:15  SCV x2  
  56  4:20  Command Center  
  56  4:28  SCV  
  56  4:29  SCV  
  56  4:34  Marine, Stimpack  
  57  4:40  SCV  
  57  4:41  SCV  
  59  4:47  Factory Reactor  
  59  4:49  Barracks  
  59  4:51  Barracks  
  59  4:52  SCV, Marine  
  61  4:54  SCV  
  61  4:57  Starport Reactor  
  62  5:06  SCV x2  
  62  5:10  Marine  
  62  5:14  Engineering Bay x2  
  60  5:18  SCV x2  
  56  5:27  Marine, Refinery  
  56  5:28  Refinery  
  53  5:31  SCV  
  53  5:32  SCV  
  53  5:33  Orbital Command  
  55  5:37  Marine x2, Siege Tank  
  64  5:43  Terran Infantry Weapons Level 1, Terran Infantry Armor Level 1  
  64  5:45  Marine  
  64  5:47  SCV x2  
  64  5:48  Marine x2  
  65  5:55  Marine x2  
  67  6:00  Orbital Command  
  67  6:03  Marine  
  68  6:05  Medivac x2  
  68  6:06  Marine x2  
  74  6:12  Marine, SCV  
  74  6:13  Marine  
  74  6:15  Supply Depot, Barracks x2  
  74  6:17  Combat Shield  
  77  6:20  SCV  
  77  6:21  Marine  
  77  6:24  Marine x2  
  81  6:26  SCV x2  
  81  6:27  Supply Depot  
  81  6:30  Marine  
  81  6:32  SCV  
  85  6:36  Marine  
  85  6:37  Siege Tank  
  85  6:38  SCV  
  85  6:39  SCV, Marine  
  92  6:43  Supply Depot  
  92  6:44  SCV  
  93  6:49  Marine x2  
  93  6:50  SCV  
  93  6:51  SCV  
  97  6:56  SCV  
  97  6:58  Barracks  
  97  7:00  Marine x3, Armory  
  101  7:04  Barracks Reactor x2  
  101  7:05  SCV  
  102  7:09  Siege Tank  
  102  7:12  SCV  
  106  7:18  Marine x2, Barracks  
  106  7:20  SCV  
  106  7:22  Barracks  
  109  7:23  Supply Depot  
  109  7:24  Supply Depot  
  109  7:25  Marine x2, SCV  
  109  7:26  Marine  
  109  7:29  SCV  
  114  7:32  SCV  
  114  7:34  Medivac  
  114  7:36  Marine  
  117  7:39  Medivac  
  117  7:40  SCV  
  117  7:42  Marine  
  117  7:44  Marine, Supply Depot  
  117  7:47  Supply Depot  
  117  7:48  Marine x4  
  122  7:51  Barracks Reactor  
  122  7:56  Marine x2  
  124  8:00  Marine x2, Siege Tank  
  124  8:05  Marine  
  131  8:06  Marine  
  131  8:08  Barracks Reactor x2  
  131  8:09  Marine  
  131  8:12  Marine  
  133  8:19  Marine x2  
  134  8:20  Marine  
  134  8:21  Marine  
  134  8:24  Marine x2  
  139  8:29  Marine  
  139  8:33  Marine x4  
  133  8:34  Medivac x2  
  133  8:38  Marine  
  138  8:42  Marine  
  138  8:43  Marine x3  
  138  8:44  Marine x4  
  138  8:45  Marine  
  138  8:48  Marine, Supply Depot  
  146  8:49  Supply Depot  
  146  8:50  Marine, Supply Depot  
Tags
 
Add a new tag
Caveats
  • Supply blocks, unpowered buildings, or Contaminate may cause inaccurate times.
  • Supply counts are checked every 10 seconds.